 Dungeon Crawl Stone Soup version 0.24-a0-458-gfcb5e6d (webtiles) character file.

54204 HarryHood the Bludgeoner (level 14, 0/130 HPs)
             Began as a Minotaur Berserker on Jan 27, 2019.
             Was the Champion of Trog.
             Slain by an orc warrior
             ... wielding a +0 trident
             ... led by an orc knight
              (2 damage)
             ... on level 2 of the Orcish Mines on June 27, 2019.
             The game lasted 01:37:35 (15382 turns).

HarryHood the Bludgeoner (Minotaur Berserker)      Turns: 15382, Time: 01:37:35

Health: 0/130      AC: 21    Str: 32    XL:     14   Next: 33%
Magic:  13/13      EV:  9    Int:  8    God:    Trog [******]
Gold:   1226       SH: 20    Dex:  2    Spells: 13/13 levels left

rFire    . . .     SeeInvis .   O - +5 hand axe "Ukesuw" {vamp, rElec Str+4 Int+4 Dex-5}
rCold    + + .     Gourm    .   n - +2 shield {rC+}
rNeg     . . .     Faith    .   C - +1 plate armour of Impressiveness {rElec}
rPois    .         Spirit   .   i - +1 hat
rElec    +         Reflect  +   c - +0 cloak
rCorr    .         Harm     .   S - +0 pair of gloves
MR       +....                  L - +0 pair of boots
Stlth    ..........             u - +4 amulet of reflection
HPRegen  0.31/turn              H - ring of Poyx {+Inv rElec rC+ Str+3 Dex-5}
MPRegen  0.13/turn              f - +6 ring of slaying

@: berserk cooldown, slowed, lightly drained, very slow
A: retaliatory headbutt, horns 2
a: Berserk, Trog's Hand, Brothers in Arms, Renounce Religion, Evoke Invisibility


You were on level 2 of the Orcish Mines.
You worshipped Trog.
Trog was exalted by your worship.
You were very hungry.

You visited 4 branches of the dungeon, and saw 19 of its levels.
You also visited: Bailey and Ice Cave.

You collected 1837 gold pieces.
You spent 611 gold pieces at shops.

Inventory:

Hand Weapons
 a - the +8 morningstar of Bloody Death {flame, MR+ Str+2}
   (You found it on level 9 of the Dungeon)

   It has been specially enchanted to burn those struck by it, causing extra
   injury to most foes and up to half again as much damage against particularly
   susceptible opponents.
   It affects your strength (+2).
   It affects your resistance to hostile enchantments.
 b - a +6 fustibalus of velocity
 G - a +6 flail of crushing
 O - the +5 hand axe "Ukesuw" (weapon) {vamp, rElec Str+4 Int+4 Dex-5}
   (You found it on level 4 of the Lair of Beasts)

   It inflicts no extra harm, but heals its wielder when it wounds a living foe.
   It affects your strength (+4).
   It affects your intelligence (+4).
   It affects your dexterity (-5).
   It insulates you from electricity.
Missiles
 d - 456 stones (quivered)
 p - 224 sling bullets
 B - 7 silver boomerangs
Armour
 c - a +0 cloak (worn)
 i - a +1 hat (worn)
 n - a +2 shield of cold resistance (worn)
 t - a +1 chain mail of positive energy
 C - the +1 plate armour of Impressiveness (worn) {rElec}
   (You found it on level 9 of the Dungeon)

   It insulates you from electricity.
 E - a +2 plate armour of fire resistance
 L - a +0 pair of boots (worn)
 M - the +8 chain mail of Quofim {+Inv rF- Int+3 Slay+2}
   (You found it on level 1 of the Lair of Beasts)

   It affects your intelligence (+3).
   It affects your accuracy and damage with ranged weapons and melee attacks
   (+2).
   It makes you vulnerable to fire.
   It lets you turn invisible.
 S - a +0 pair of gloves (worn)
Jewellery
 f - a +6 ring of slaying (right hand)
 u - a +4 amulet of reflection (around neck)
 z - a +3 ring of dexterity
 D - an uncursed ring of positive energy
 H - the ring of Poyx (left hand) {+Inv rElec rC+ Str+3 Dex-5}
   (You found it on level 9 of the Dungeon)

   [ring of protection from cold]

   It affects your strength (+3).
   It affects your dexterity (-5).
   It protects you from cold.
   It insulates you from electricity.
   It lets you turn invisible.
 P - a +2 ring of protection
 Q - an uncursed amulet of the acrobat
Wands
 v - a wand of digging (4)
Scrolls
 m - 2 scrolls of fear
 q - 2 scrolls of magic mapping {@r5}
 r - a scroll of silence {unknown}
 x - 2 scrolls of blinking {@r7}
 y - 4 scrolls of remove curse {@r1}
 I - 7 scrolls of teleportation {@r0}
 J - a scroll of brand weapon
 K - 3 scrolls of enchant weapon
Potions
 g - 6 potions of haste
 h - 5 potions of flight
 j - 4 potions of heal wounds {@q1}
 k - 2 potions of agility
 l - 2 potions of cancellation
 o - 5 potions of resistance
 s - 9 potions of curing {@q2}
 w - a potion of invisibility
 A - 3 potions of brilliance
 F - a potion of lignification {!q}
Comestibles
 e - 32 rations {@e1}
 N - 25 chunks of flesh


   Skills:
 - Level 13.8(13.7) Fighting
 - Level 16.0(15.9) Maces & Flails
 + Level 5.6(5.5) Throwing
 - Level 10.4(10.3) Armour
 - Level 9.0(8.9) Dodging
 * Level 14.7(14.6) Shields


You had 13 spell levels left.
You didn't know any spells.
Your spell library was empty.

Dungeon Overview and Level Annotations

Branches:
Dungeon (11/15)            Temple (1/1) D:7            Lair (5/6) D:11
 Shoals (0/4) Lair:3        Snake (0/4) Lair:4        Slime (0/5) Lair:5
    Orc (2/2) D:9             Elf (0/3) Orc:2

Altars:
Cheibriados
Dithmenos
Fedhas
Gozag
Kikubaaqudgha
Sif Muna
Trog
Yredelemnul
Jiyva

Shops:
D:6 *!   D:10 *?(([   Orc:2 :!(*


Innate Abilities, Weirdness & Mutations

You reflexively headbutt those who attack you in melee.
You have a pair of horns on your head.


Message History

You block the wraith's attack. The wraith barely misses you.
The orc warrior hits you with a +4 scimitar!
* * * LOW HITPOINT WARNING * * *
You take 16 damage, and have 34/130 hp.
Your iron troll goes berserk!
You are feeling very hungry.
You block the troll's attack. The troll closely misses you.
You block the troll's attack.
The orc warrior hits you but does no damage.
The orc barely misses you. You furiously retaliate!
You headbutt the orc!
You kill the orc!
Trog accepts your kill. You block the wraith's attack.
The wraith hits you but does no damage.
The orc warrior hits you with a +4 scimitar!!
* * * LOW HITPOINT WARNING * * *
The troll bites you but does no damage. The troll claws you but does no damage.
The troll barely misses you.
An orc priest comes into view. It is wielding a +0 hand axe.
The orc warrior hits you from afar with a +0 trident.
You die...

............)(..........
..........(.............
.........)..............
..........(.............
......(.).)......)......
........).(..(..........
.....o..)...............
o.....WT(........)......
......o@....O...........
.....TWo.........(......
........................
........................
........................
........................
.........................
▒...▒▒..▒▒..▒▒...........
▒≈≈..........▒▒..........


You could see an orc knight, a troll, 2 wraiths, 2 orc warriors, an ogre, an orc
priest and a friendly iron troll (berserk).

Vanquished Creatures
  An orc warlord (Orc:1)
  Josephine (Orc:2)
  4 hydras
  Erolcha (Orc:2)
  4 two-headed ogres
  A centaur warrior (Orc:2)
  Urug (Lair:1)
  Nergalle (Lair:1)
  A deep elf knight (Bailey)
  2 cyclopes
  9 deep elf magi
  2 ugly things (IceCv)
  An orc sorcerer (Orc:1)
  3 black mambas
  9 elephants
  3 ice statues (IceCv)
  Joseph (Lair:1)
  A gargoyle (D:10)
  9 spiny frogs
  A rime drake (Lair:3)
  5 komodo dragons
  2 ice devils (Lair:5)
  7 trolls (Orc:1)
  A polar bear (Lair:5)
  14 hippogriffs
  2 slime creatures
  2 wraiths
  33 yaks
  2 wyverns
  Sigmund (D:2)
  A human (D:8)
  4 basilisks
  2 hogs (D:8)
  A steam dragon (D:10)
  Menkaure (D:3)
  2 nagas (Lair:4)
  A vampire mosquito (D:9)
  An acid dragon (D:11)
  7 water moccasins
  7 porcupines
  11 ice beasts
  2 black bears
  24 orc warriors
  4 sky beasts
  An eye of draining (D:9)
  A phantom (D:3)
  8 ogres
  2 necrophages
  17 wolves
  7 centaurs
  11 crocodiles
  2 big kobolds
  20 bullfrogs
  6 scorpions
  10 wights
  6 howler monkeys
  4 electric eels
  2 bullfrog zombies (D:5)
  2 crimson imps
  5 jellies
  18 orc priests
  8 hounds
  Crazy Yiuf (D:4)
  4 bullfrog skeletons
  3 quasits
  The ghost of 240p the Conjurer, a weakling FeCj (D:3)
  22 orc wizards
  Jessica (D:3)
  2 iguanas
  7 worker ants
  A hound zombie (D:10)
  4 hound skeletons
  A howler monkey zombie (D:8)
  A worker ant zombie (D:10)
  8 adders
  An adder zombie (D:6)
  An adder skeleton (D:9)
  5 worms
  2 leopard geckos
  103 orcs
  A ball python (D:3)
  7 bats
  4 giant cockroaches
  10 goblins
  5 hobgoblins
  10 jackals
  4 quokkas
  6 frilled lizards
  A jackal skeleton (D:8)
  30 kobolds
  A leopard gecko skeleton (D:5)
  A quokka skeleton (D:3)
  5 rats
576 creatures vanquished.

Vanquished Creatures (collateral kills)
  An orc knight (Orc:2)
  10 orc warriors (Orc:2)
  A centaur (Orc:2)
  An orc (Orc:2)
13 creatures vanquished.

Vanquished Creatures (others)
  Nessos (Orc:2)
  A centaur (Orc:2)
  An orc wizard (Orc:2)
  5 orcs
  2 fungi
  12 plants
22 creatures vanquished.

Grand Total: 611 creatures vanquished

Notes
Turn   | Place    | Note
-------+----------+-------------------------------------------
     0 | D:1      | HarryHood the Minotaur Berserker began the quest for the
                  | Orb.
     0 | D:1      | Reached XP level 1. HP: 19/19 MP: 0/0
    63 | D:1      | Reached skill level 4 in Maces & Flails
    70 | D:1      | Reached XP level 2. HP: 14/26 MP: 1/1
   513 | D:1      | Reached skill level 5 in Maces & Flails
   611 | D:2      | Noticed Sigmund
   623 | D:2      | Killed Sigmund
   623 | D:2      | Reached skill level 7 in Maces & Flails
   623 | D:2      | Reached XP level 3. HP: 18/31 MP: 2/2
   623 | D:2      | Reached XP level 4. HP: 23/39 MP: 3/3
   623 | D:2      | Reached XP level 5. HP: 27/45 MP: 4/4
   680 | D:2      | Reached ** piety under Trog
   910 | D:2      | Reached skill level 4 in Fighting
  1714 | D:3      | Found a runed door.
  1714 | D:3      | Noticed 240p's ghost (weakling FeCj)
  1725 | D:3      | Found a transporter.
  1725 | D:3      | Found a transporter.
  1726 | D:3      | Noticed a phantom
  1779 | D:3      | Reached skill level 5 in Fighting
  1788 | D:3      | Noticed Jessica
  1791 | D:3      | Killed Jessica
  1791 | D:3      | Reached XP level 6. HP: 46/56 MP: 5/5
  2091 | D:3      | Found an ancient bone altar of Kikubaaqudgha.
  2100 | D:3      | Noticed Menkaure
  2102 | D:3      | Found a basalt altar of Yredelemnul.
  2407 | D:3      | Reached *** piety under Trog
  2407 | D:3      | Reached skill level 6 in Fighting
  2501 | D:3      | Killed 240p's ghost
  2594 | D:3      | Reached skill level 8 in Maces & Flails
  2597 | D:3      | Killed Menkaure
  2597 | D:3      | Reached XP level 7. HP: 52/63 MP: 6/6
  2615 | D:3      | Reached skill level 9 in Maces & Flails
  2686 | D:4      | Upgraded the game from 0.23-a0-844-gdc03e01 to
                  | 0.24-a0-445-gd5110b0
  2745 | D:4      | Upgraded the game from 0.24-a0-445-gd5110b0 to
                  | 0.24-a0-458-gfcb5e6d
  3026 | D:4      | Reached skill level 7 in Fighting
  3390 | D:4      | Found a runed door.
  3526 | D:4      | Noticed Crazy Yiuf
  3532 | D:4      | Killed Crazy Yiuf
  3584 | D:5      | Entered Level 5 of the Dungeon
  3636 | D:5      | Reached skill level 8 in Fighting
  3636 | D:5      | Reached XP level 8. HP: 68/74 MP: 7/7
  3662 | D:5      | Found a snail-covered altar of Cheibriados.
  3813 | D:5      | Reached skill level 9 in Fighting
  3823 | D:5      | Reached **** piety under Trog
  3823 | D:5      | Reached skill level 3 in Armour
  4054 | D:5      | Reached skill level 4 in Armour
  4125 | D:5      | Found an opulent altar of Gozag.
  4129 | D:5      | Found Gozag's Platinum Reserve.
  4193 | D:6      | Reached skill level 5 in Armour
  4305 | D:6      | Reached skill level 6 in Armour
  4438 | D:6      | Reached skill level 1 in Throwing
  4438 | D:6      | Reached skill level 3 in Dodging
  4473 | D:6      | Reached skill level 4 in Dodging
  4486 | D:6      | Found Qoekuuq's Assorted Antiques.
  4492 | D:6      | Found Read's Distillery.
  4498 | D:6      | Bought a scroll of identify for 46 gold pieces
  4498 | D:6      | Bought a scroll of remove curse for 69 gold pieces
  4504 | D:6      | Bought a potion of curing for 42 gold pieces
  4504 | D:6      | Bought a potion of heal wounds for 70 gold pieces
  4604 | D:6      | Reached skill level 2 in Throwing
  4604 | D:6      | Reached XP level 9. HP: 69/82 MP: 8/8
  4714 | D:6      | Noticed a two-headed ogre
  4722 | D:6      | Killed a two-headed ogre
  4722 | D:6      | Reached skill level 3 in Throwing
  4722 | D:6      | Reached skill level 6 in Dodging
  5453 | D:7      | Found a staircase to the Ecumenical Temple.
  5461 | Temple   | Entered the Ecumenical Temple
  5623 | D:8      | Reached skill level 7 in Armour
  5993 | D:8      | Reached skill level 8 in Armour
  6158 | D:8      | Reached ***** piety under Trog
  6263 | D:8      | Found a deep blue altar of Sif Muna.
  6367 | D:8      | Found a shadowy altar of Dithmenos.
  6376 | D:8      | Reached skill level 10 in Fighting
  6376 | D:8      | Reached XP level 10. HP: 84/92 MP: 9/9
  6497 | D:8      | Reached skill level 9 in Armour
  6559 | D:8      | Reached skill level 11 in Fighting
  6866 | D:9      | Reached skill level 12 in Fighting
  6897 | D:9      | Noticed a two-headed ogre
  6909 | D:9      | Killed a two-headed ogre
  6909 | D:9      | Reached skill level 7 in Dodging
  7028 | D:9      | Noticed a cyclops
  7031 | D:9      | Noticed a deep elf mage
  7034 | D:9      | Killed a cyclops
  7034 | D:9      | Reached skill level 8 in Dodging
  7038 | D:9      | Killed a deep elf mage
  7038 | D:9      | Reached skill level 10 in Maces & Flails
  7048 | D:9      | Got a spiked plate armour
  7048 | D:9      | Got an iridescent morningstar
  7048 | D:9      | Got a transparent platinum ring
  7367 | D:9      | Reached XP level 11. HP: 104/104 MP: 10/10
  7372 | D:9      | Received a gift from Trog
  7373 | D:9      | Found a staircase to the Orcish Mines.
  7391 | D:9      | Reached skill level 9 in Dodging
  7725 | D:9      | Reached ****** piety under Trog
  7829 | D:9      | Reached skill level 10 in Armour
  7949 | D:9      | Identified the +8 morningstar of Bloody Death {flame, MR+
                  | Str+2} (You found it on level 9 of the Dungeon)
  7968 | D:9      | Identified the +1 plate armour of Impressiveness {rElec}
                  | (You found it on level 9 of the Dungeon)
  7971 | D:9      | Identified the ring of Poyx {+Inv rElec rC+ Str+3 Dex-5}
                  | (You found it on level 9 of the Dungeon)
  8021 | D:10     | Entered Level 10 of the Dungeon
  8024 | D:10     | Found Zeheam's Armour Shop.
  8097 | D:10     | Received a gift from Trog
  8114 | D:10     | Found Mil Rophadu's Weapon Emporium.
  8136 | D:10     | Reached skill level 11 in Maces & Flails
  8161 | D:10     | Found Fiocoda's Assorted Antiques.
  8263 | D:10     | Bought a glowing shield for 202 gold pieces
  8388 | D:10     | Found Yppi's Antique Weapon Emporium.
  8524 | D:10     | Reached skill level 1 in Shields
  8779 | D:10     | Found Juoblino's Magic Scroll Shoppe.
  8784 | D:10     | Bought a scroll of remove curse for 42 gold pieces
  8784 | D:10     | Bought a scroll of identify for 28 gold pieces
  8784 | D:10     | Bought a scroll of remove curse for 42 gold pieces
  8784 | D:10     | Bought a scroll of remove curse for 42 gold pieces
  8784 | D:10     | Bought a scroll of identify for 28 gold pieces
  8867 | D:11     | Found a flagged portal.
  8882 | Bailey   | Entered a bailey
  8889 | Bailey   | Noticed a deep elf mage
  8895 | Bailey   | Killed a deep elf mage
  8895 | Bailey   | Reached skill level 2 in Shields
  8903 | Bailey   | Noticed a deep elf mage
  8904 | Bailey   | Noticed a deep elf mage
  8904 | Bailey   | Noticed a deep elf mage
  8904 | Bailey   | Noticed a deep elf mage
  8904 | Bailey   | Noticed a deep elf mage
  8904 | Bailey   | Noticed a deep elf mage
  8909 | Bailey   | Killed a deep elf mage
  8912 | Bailey   | Killed a deep elf mage
  8912 | Bailey   | Reached skill level 12 in Maces & Flails
  8913 | Bailey   | Killed a deep elf mage
  8913 | Bailey   | Reached skill level 3 in Shields
  8914 | Bailey   | Killed a deep elf mage
  8918 | Bailey   | Killed a deep elf mage
  8918 | Bailey   | Reached skill level 4 in Shields
  8919 | Bailey   | Killed a deep elf mage
  8966 | Bailey   | Noticed a deep elf mage
  8972 | Bailey   | Killed a deep elf mage
  8998 | Bailey   | Noticed a deep elf knight
  9002 | Bailey   | Killed a deep elf knight
  9002 | Bailey   | Reached skill level 13 in Maces & Flails
  9134 | D:11     | Reached skill level 5 in Shields
  9134 | D:11     | Reached XP level 12. HP: 49/112 MP: 11/11
  9370 | D:11     | Noticed a two-headed ogre
  9370 | D:11     | Noticed a two-headed ogre
  9380 | D:11     | Killed a two-headed ogre
  9383 | D:11     | Killed a two-headed ogre
  9429 | D:11     | Reached skill level 6 in Shields
  9498 | D:11     | Found a staircase to the Lair.
  9671 | D:11     | Reached skill level 14 in Maces & Flails
 10092 | Lair:1   | Entered Level 1 of the Lair of Beasts
 10100 | Lair:1   | Got an ancient chain mail
 10104 | Lair:1   | Received a gift from Trog
 10113 | Lair:1   | Identified the +8 chain mail of Quofim {+Inv rF- Int+3
                  | Slay+2} (You found it on level 1 of the Lair of Beasts)
 10153 | Lair:1   | Noticed Urug
 10161 | Lair:1   | Killed Urug
 10161 | Lair:1   | Reached skill level 7 in Shields
 10384 | Lair:1   | Noticed Joseph
 10394 | Lair:1   | Killed Joseph
 10439 | Lair:1   | Noticed Nergalle
 10440 | Lair:1   | Reached skill level 15 in Maces & Flails
 10453 | Lair:1   | Killed Nergalle
 10508 | Lair:1   | Reached skill level 8 in Shields
 11232 | Lair:2   | Reached skill level 16 in Maces & Flails
 11399 | Lair:3   | Reached skill level 9 in Shields
 11407 | Lair:3   | Got a pair of smoking gloves
 11413 | Lair:3   | Identified the cursed -3 pair of gloves "Pularih" {*Corrode
                  | rC+ Slay+2} (You found it on level 3 of the Lair of Beasts)
 11449 | Lair:3   | Reached XP level 13. HP: 118/118 MP: 12/12
 11637 | Lair:3   | Found a deep blue altar of Sif Muna.
 11725 | Lair:3   | Found a staircase to the Shoals.
 12234 | Lair:4   | Reached skill level 10 in Shields
 12274 | Lair:4   | Got a shimmering hand axe
 12446 | Lair:4   | Received a gift from Trog
 12450 | Lair:4   | Found a staircase to the Snake Pit.
 12676 | Lair:4   | Found a dark tunnel.
 12693 | Lair:4   | Reached skill level 11 in Shields
 13085 | Lair:5   | Reached skill level 13 in Fighting
 13248 | Lair:5   | Reached skill level 12 in Shields
 13510 | Lair:5   | Received a gift from Trog
 13601 | Lair:5   | Found a frozen archway.
 13608 | Lair:5   | Reached skill level 13 in Shields
 13625 | IceCv    | Entered an ice cave
 13741 | IceCv    | Identified the +5 hand axe "Ukesuw" {vamp, rElec Str+4
                  | Int+4 Dex-5} (You found it on level 4 of the Lair of
                  | Beasts)
 14059 | Lair:5   | Found a viscous altar of Jiyva.
 14060 | Lair:5   | Found a staircase to the Slime Pits.
 14355 | Orc:1    | Entered Level 1 of the Orcish Mines
 14431 | Orc:1    | Noticed an orc warlord
 14445 | Orc:1    | Reached XP level 14. HP: 130/130 MP: 13/13
 14456 | Orc:1    | Killed an orc warlord
 14456 | Orc:1    | Reached skill level 4 in Throwing
 14639 | Orc:1    | Found a bloodstained altar of Trog.
 14695 | Orc:2    | Entered Level 2 of the Orcish Mines
 14695 | Orc:2    | Noticed Erolcha
 14725 | Orc:2    | Killed Erolcha
 14725 | Orc:2    | Reached skill level 14 in Shields
 14800 | Orc:1    | Received a gift from Trog
 15122 | Orc:2    | Reached skill level 5 in Throwing
 15207 | Orc:2    | Found Sonorop's Antique Weapon Boutique.
 15207 | Orc:2    | Found Gukkurph's Distillery.
 15243 | Orc:2    | Found Teutek's Assorted Antiques.
 15245 | Orc:2    | Found Xanes's Book Emporium.
 15340 | Orc:2    | Found a staircase to the Elven Halls.
 15348 | Orc:2    | Noticed Nessos
 15360 | Orc:2    | Noticed Josephine
 15367 | Orc:2    | Killed Nessos
 15371 | Orc:2    | Killed Josephine
 15382 | Orc:2    | HP: 2/130 [orc warrior/+4 scimitar[an orc knight] (32)]
 15382 | Orc:2    | Slain by an orc warrior

Levels and vault maps discovered:
D:1:      doesnt_arrival_eight_statues
D:2:      uniq_sigmund
D:3:      minmay_razor_zed, gammafunk_temple_of_torment, first_ration,
          ebering_ghost_inner_flame, uniq_jessica
D:4:      uniq_crazy_yiuf_cottage
D:5:      layout_rooms, nicolae_gozag_zags_fifth_avenue, kennysheep_mini_moat
D:6:      layout_loops_cross, serial_shops, shop, shop, minmay_manual_mullet
D:7:      layout_cave_pools, minmay_temple_entry_statues_pillars
D:8:      layout_basic, led_sif_pool, overflow_temple_1_default,
          grunt_livestock, kennysheep_generic_room_15
D:9:      minmay_the_grid_plus [minmay_the_grid_doors, minmay_the_grid_x,
          minmay_the_grid_small_cups, minmay_the_grid_slots,
          minmay_the_grid_prize_shrinking_boxes], layout_cave_pods,
          hiddenorc2_lemuel
D:10:     wander_river, layout_basic, serial_shops, shop, shop, shop, shop, shop
D:11:     layout_basic, david_lair_shrubbed, enter_bailey_3,
          eino_small_chamber_without_monster
Temple:   nicolae_temple_elliptical
Lair:1:   layout_regular_city, minmay_holes, uniq_urug, uniq_nergalle,
          uniq_joseph
Lair:2:   layout_hall_layers
Lair:3:   layout_cave_pods, shoals_dummy_entry, basic_altar, grunt_megastairs_4
Lair:4:   layout_loops_ring, guppyfry_snake_entry_garden,
          nicolae_volcano_entry_lava_flow, minmay_shattered_shrine,
          serial_bayou_shore_a
Lair:5:   layout_regular_city, dpeg_slime_entry_enclosed_altar,
          portal_ice_cave_demonic_guard, chequers_serial_rivers_large_a,
          kennysheep_basilisk_garden, grunt_megastairs_2,
          infiniplex_staircase_pool
Orc:1:    layout_caves, david_defended_altar_orc
Orc:2:    st_orc_rangers, layout_diamond_mine, ebering_ghost_reflecting_pool,
          uniq_erolcha, uniq_josephine, uniq_nessos

Skill      XL: |  1  2  3  4  5  6  7  8  9 10 11 12 13 14 |
---------------+-------------------------------------------+-----
Maces & Flails | 4 7 8 9 10 13 16 | 16.0
Fighting       | 5 6 8 9 10 12 13 | 13.8
Armour         | 6 8 9 10 | 10.4
Throwing       | 2 3 5 |  5.6
Dodging        | 4 6 8 9 |  9.0
Shields        | 5 9 13 14 | 14.7

Action                   |  1- 3 |  4- 6 |  7- 9 | 10-12 | 13-15 || total
-------------------------+-------+-------+-------+-------+-------++-------
Melee: Mace              |    54 |   109 |       |       |       ||   163
       Headbutt          |    11 |    21 |    47 |    90 |    98 ||   267
       Flail             |       |    26 |   249 |   187 |       ||   462
       Morningstar       |       |       |       |   280 |   238 ||   518
       Hand axe          |       |       |       |       |   188 ||   188
Invok: Berserk           |       |     1 |     1 |       |     2 ||     4
       Brothers in Arms  |       |       |       |       |     2 ||     2
  Use: Scroll            |     1 |     3 |    14 |    12 |     5 ||    35
       Potion            |       |       |       |     1 |     2 ||     3
  Eat: Chunk             |       |     5 |    14 |    17 |    14 ||    50
Armor: Animal skin       |     4 |       |       |       |       ||     4
       Ring mail         |    19 |    11 |       |       |       ||    30
       Chain mail        |       |    51 |   107 |       |       ||   158
       Plate armour      |       |       |     5 |   144 |   123 ||   272
Dodge: Dodged            |    39 |    51 |    88 |   126 |    89 ||   393
Block: Other             |       |       |    24 |    26 |       ||    50
       Reflection        |       |       |     3 |    12 |    34 ||    49
       Shield            |       |       |       |   131 |   346 ||   477

Table legend:
 A = Non-vault XP
 B = Vault XP
 C = Vault XP percentage of total XP
 D = Non-vault monster count
 E = Vault monster count
 F = Vault count percentage of total count
                 A         B        C        D         E       F
            +---------+---------+-------+---------+---------+-------
      Total |   48348 |   29087 |  37.6 |     437 |     159 |  26.7
            +---------+---------+-------+---------+---------+-------
        D:1 |      38 |       0 |   0.0 |      22 |       0 |   0.0
        D:2 |      50 |     208 |  80.6 |      16 |       1 |   5.9
        D:3 |     152 |     527 |  77.6 |      25 |      16 |  39.0
        D:4 |     349 |      42 |  10.7 |      17 |       1 |   5.6
        D:5 |     600 |       0 |   0.0 |      17 |       0 |   0.0
        D:6 |    2008 |     277 |  12.1 |      23 |       5 |  17.9
        D:7 |      45 |       0 |   0.0 |       1 |       0 |   0.0
        D:8 |    1503 |    1024 |  40.5 |      35 |       6 |  14.6
        D:9 |    2899 |    3878 |  57.2 |      34 |      49 |  59.0
       D:10 |    2271 |       0 |   0.0 |      38 |       0 |   0.0
       D:11 |    4931 |     351 |   6.6 |      23 |       5 |  17.9
     Lair:1 |    5426 |    2082 |  27.7 |      25 |       3 |  10.7
     Lair:2 |    3767 |       0 |   0.0 |      22 |       0 |   0.0
     Lair:3 |    1618 |       0 |   0.0 |      10 |       0 |   0.0
     Lair:4 |    5476 |    3814 |  41.1 |      23 |      10 |  30.3
     Lair:5 |   10066 |    1497 |  12.9 |      35 |       6 |  14.6
      Orc:1 |    5958 |     127 |   2.1 |      47 |       3 |   6.0
      Orc:2 |    1191 |    6740 |  85.0 |      24 |      34 |  58.6
     Bailey |       0 |    5237 | 100.0 |       0 |       9 | 100.0
      IceCv |       0 |    3283 | 100.0 |       0 |      11 | 100.0
            +---------+---------+-------+---------+---------+-------
